Map: Proxima Station LE

Players

PtitDrogo - Winner!

  • Race: Protoss Protoss
  • Spawn Location: 7:00

Scarlett

  • Race: Zerg Zerg
  • Spawn Location: 1:00

Event: WCS Valencia 2017

VOD

Have the link to the VOD?

Description

Time

  • Played on: July 13, 2017, 12:57 p.m.
  • Length: 11:40

All games in this series

Show
View Real Time Build Order
Export as new Build Order

PtitDrogo Protoss - Winner!

Build Orders: 1 Gate Expand, Oracle Opening 

Get SALT Encoding   

  12  0:01  Probe (Chrono Boost)  
  13  0:11  Probe (Chrono Boost)  
  14  0:18  Pylon  
  14  0:22  Probe (Chrono Boost)  
  15  0:36  Probe (Chrono Boost)  
  15  0:37  Gateway  
  16  0:47  Probe (Chrono Boost)  
  16  0:48  Assimilator  
  17  0:57  Probe (Chrono Boost)  
  18  1:08  Probe (Chrono Boost)  
  19  1:20  Nexus  
  19  1:30  Cybernetics Core  
  20  1:32  Probe (Chrono Boost)  
  20  1:37  Assimilator  
  20  1:43  Probe (Chrono Boost)  
  21  1:52  Pylon  
  21  1:53  Probe (Chrono Boost)  
  22  2:04  Probe (Chrono Boost)  
  23  2:09  Warp Gate  
  23  2:10  Adept (Chrono Boost)  
  26  2:15  Probe  
  26  2:27  Probe  
  27  2:30  Probe, Stargate  
  27  2:36  Adept (Chrono Boost)  
  30  2:39  Probe  
  30  2:41  Probe  
  32  2:51  Probe  
  32  2:52  Probe  
  34  2:59  Adept (Chrono Boost)  
  34  3:02  Probe  
  34  3:04  Probe  
  38  3:12  Probe  
  38  3:16  Probe, Oracle (Chrono Boost)  
  43  3:23  Probe  
  46  3:33  Probe, Pylon  
  46  3:35  Probe  
  46  3:48  Pylon  
  46  3:50  Probe, Nexus  
  46  3:51  Probe  
  46  3:53  Oracle (Chrono Boost)  
  51  3:59  Mothership Core  
  53  4:04  Probe  
  53  4:09  Gateway  
  54  4:11  Gateway  
  54  4:14  Assimilator  
  54  4:16  Probe, Assimilator  
  55  4:19  Probe  
  56  4:24  Phoenix (Chrono Boost)  
  56  4:30  Probe x2  
  59  4:35  Pylon  
  60  4:40  Probe  
  60  4:42  Probe  
  62  4:45  Pylon  
  62  4:46  Pylon  
  62  4:52  Probe  
  62  4:55  Probe  
  64  5:02  Probe  
  64  5:03  Probe  
  64  5:05  Forge, Twilight Council  
  66  5:07  Probe  
  66  5:10  Robotics Facility  
  66  5:11  Sentry  
  66  5:13  Probe x2, Sentry  
  71  5:19  Probe  
  74  5:24  Probe x2 (Chrono Boost)  
  76  5:29  Protoss Ground Weapons Level 1  
  76  5:30  Pylon  
  76  5:31  Probe (Chrono Boost)  
  76  5:33  Charge (Chrono Boost), Gateway  
  76  5:34  Gateway  
  77  5:36  Probe x2 (Chrono Boost)  
  77  5:42  Probe (Chrono Boost)  
  80  5:45  Probe  
  80  5:46  Probe  
  80  5:48  Assimilator  
  80  5:49  Assimilator  
  82  5:52  Robotics Facility  
  82  5:53  Sentry  
  82  5:54  Probe  
  85  5:57  Probe  
  85  5:59  Probe, Warp Prism (Chrono Boost)  
  85  6:02  Photon Cannon  
  89  6:06  Probe  
  89  6:07  Pylon  
  89  6:09  Probe  
  91  6:14  Probe  
  91  6:16  Photon Cannon  
  91  6:18  Probe  
  93  6:19  Pylon  
  93  6:21  Pylon  
  93  6:26  Templar Archives  
  93  6:27  Gateway x2  
  93  6:30  Observer (Chrono Boost), Gateway  
  95  6:49  Immortal (Chrono Boost)  
  102  6:56  Immortal (Chrono Boost)  
  102  7:03  Zealot x5  
  102  7:05  Psionic Storm  
  112  7:09  Pylon  
  112  7:11  Pylon  
  112  7:15  Pylon  
  112  7:25  Nexus  
  112  7:27  Protoss Ground Weapons Level 2  
  116  7:30  Immortal (Chrono Boost), High Templar  
  116  7:31  High Templar x3  
  116  7:36  Immortal (Chrono Boost)  
  128  7:37  Pylon  
  128  7:39  Pylon  
  128  7:47  High Templar  
  130  7:56  Photon Cannon  
  130  7:59  Zealot x3, Photon Cannon  
  130  8:02  Photon Cannon  
  136  8:06  Immortal (Chrono Boost)  
  136  8:11  Photon Cannon  
  144  8:15  Immortal (Chrono Boost)  
  144  8:16  Probe x3  
  147  8:21  High Templar x2  
  147  8:22  Zealot  
  147  8:23  Zealot x4  
  147  8:26  Archon  
  161  8:31  Fleet Beacon  
  159  8:41  Zealot  
  159  8:43  Assimilator  
  159  8:46  Assimilator  
  159  8:48  Immortal (Chrono Boost)  
  169  8:54  Immortal (Chrono Boost)  
  167  8:59  Probe x2  
  167  9:02  Photon Cannon  
  167  9:05  Probe  
  167  9:07  Zealot, High Templar x2  
  167  9:08  Zealot x3  
  178  9:13  Pylon  
  178  9:14  Photon Cannon, Archon  
  182  9:26  Immortal (Chrono Boost)  
  182  9:28  Pylon  
  186  9:39  Pylon  
  186  9:41  Pylon  
  188  9:46  Warp Prism (Chrono Boost)  
  186  9:56  High Templar x2  
  186  9:57  High Templar x2  
  186  9:59  Warp Prism (Chrono Boost)  
  196  10:00  Archon  
  196  10:07  Archon  
  196  10:14  Pylon  
  200  10:22  Immortal (Chrono Boost)  
  190  10:52  High Templar x3  
  190  10:53  High Templar x3  
  200  10:57  Archon x2  
  200  10:58  Archon  
  200  11:05  Pylon  
  196  11:11  Zealot  
  196  11:12  Zealot  
  192  11:28  Zealot x4  
  172  11:36  Zealot x5  
  172  11:37  Zealot  
Show
View Real Time Build Order
Export as new Build Order

Scarlett Zerg 

Build Orders: Hatch First 

Get SALT Encoding   

  12  0:00  Drone  
  13  0:12  Overlord  
  13  0:19  Drone  
  14  0:31  Drone x2  
  14  0:34  Drone  
  17  0:53  Hatchery  
  17  0:56  Drone  
  17  0:58  Drone  
  18  1:05  Extractor  
  17  1:13  Spawning Pool  
  17  1:17  Drone  
  17  1:21  Drone  
  18  1:28  Drone  
  19  1:38  Drone  
  20  1:49  Overlord  
  20  2:00  Queen  
  22  2:05  Zergling x2  
  22  2:06  Queen  
  25  2:09  Metabolic Boost, Drone  
  25  2:12  Drone  
  27  2:19  Drone  
  28  2:27  Drone x2  
  30  2:39  Hatchery  
  30  2:43  Zergling x2  
  30  2:47  Drone  
  30  2:50  Pneumatized Carapace  
  31  2:54  Overlord  
  31  2:56  Drone  
  32  3:05  Drone x3  
  35  3:13  Drone x2  
  35  3:17  Drone x3  
  40  3:24  Spore Crawler  
  40  3:28  Queen  
  42  3:36  Drone  
  42  3:37  Drone  
  42  3:38  Spore Crawler  
  42  3:39  Evolution Chamber  
  42  3:43  Drone x2, Overlord  
  42  3:47  Spore Crawler  
  43  3:49  Drone, Overlord  
  43  3:51  Zergling x2  
  43  3:54  Zergling x2  
  43  3:55  Zergling x2  
  46  3:57  Zergling x2  
  46  4:01  Drone  
  48  4:06  Zerg Melee Weapons Level 1  
  48  4:09  Spore Crawler  
  47  4:13  Drone x2  
  49  4:18  Drone x5  
  54  4:26  Spore Crawler x2  
  54  4:28  Drone x3  
  56  4:31  Spore Crawler  
  56  4:36  Queen  
  56  4:37  Overlord  
  59  4:39  Drone  
  59  4:40  Drone x4  
  59  4:56  Zergling x10, Drone  
  65  5:03  Queen  
  65  5:04  Drone x2  
  65  5:06  Overlord  
  69  5:07  Extractor, Drone  
  69  5:08  Drone x2  
  69  5:11  Baneling Nest  
  70  5:14  Extractor  
  69  5:26  Drone x6  
  74  5:30  Hatchery, Overlord  
  74  5:31  Drone x2  
  75  5:36  Drone  
  75  5:37  Drone x2  
  75  5:39  Lair  
  75  5:41  Drone x3  
  81  5:46  Overlord  
  81  5:51  Extractor  
  81  5:52  Extractor  
  81  5:53  Extractor, Overlord  
  81  5:54  Overlord  
  81  5:55  Spore Crawler, Drone  
  81  5:56  Drone x3  
  81  6:03  Drone x4, Zerg Missile Weapons Level 1  
  85  6:10  Queen  
  87  6:16  Drone x2  
  89  6:22  Drone x3  
  89  6:23  Drone  
  89  6:25  Zergling x6  
  96  6:26  Baneling  
  96  6:27  Hatchery, Baneling x4  
  95  6:34  Drone  
  95  6:35  Drone  
  95  6:37  Centrifical Hooks  
  95  6:39  Hydralisk Den  
  96  6:46  Overlord x4  
  96  6:50  Drone x5  
  101  6:59  Drone  
  101  7:00  Drone x6  
  108  7:03  Spore Crawler, Overlord  
  108  7:04  Overlord  
  108  7:05  Overlord  
  107  7:10  Hydralisk  
  107  7:11  Muscular Augments  
  107  7:14  Overseer  
  107  7:15  Hydralisk  
  109  7:19  Hydralisk x3  
  117  7:29  Drone x4  
  124  7:30  Drone x5  
  124  7:32  Extractor  
  124  7:33  Extractor  
  123  7:37  Evolution Chamber, Spine Crawler  
  123  7:38  Hydralisk x2  
  123  7:44  Hydralisk x3  
  125  7:50  Hydralisk x3  
  137  7:56  Spine Crawler  
  136  7:59  Zerg Melee Weapons Level 2  
  136  8:01  Hydralisk x4  
  136  8:05  Zerg Missile Weapons Level 2  
  144  8:12  Overseer, Infestation Pit  
  143  8:13  Overlord  
  143  8:14  Hydralisk x2  
  147  8:22  Hydralisk  
  149  8:28  Hydralisk x3  
  149  8:31  Hatchery  
  154  8:41  Hydralisk x7  
  168  8:58  Hive  
  168  9:01  Hydralisk x7, Spire  
  181  9:03  Overlord  
  181  9:05  Overlord  
  181  9:13  Spine Crawler  
  180  9:18  Hydralisk  
  180  9:20  Overlord x3  
  180  9:22  Pathogen Glands  
  182  9:31  Spine Crawler  
  182  9:32  Spine Crawler  
  182  9:33  Hydralisk x6  
  182  9:35  Baneling x3  
  182  9:36  Baneling x3  
  191  9:40  Baneling x9  
  191  9:41  Baneling  
  190  9:56  Baneling  
  190  9:57  Baneling x3  
  190  10:07  Zergling x16  
  190  10:08  Zergling x2  
  190  10:13  Zergling x2, Spine Crawler  
  199  10:14  Spore Crawler  
  199  10:15  Greater Spire  
  198  10:26  Spine Crawler  
  198  10:28  Spine Crawler  
  195  10:41  Zergling x30  
  195  10:42  Baneling x3  
  197  10:43  Baneling x13  
  192  11:04  Baneling x4  
  190  11:09  Overseer  
  190  11:10  Overseer x5  
  174  11:15  Hydralisk x7  
  174  11:16  Hydralisk x4, Zergling x4  
  174  11:17  Zergling x18  
Tags
 
Add a new tag
Caveats
  • Supply blocks, unpowered buildings, or Contaminate may cause inaccurate times.
  • Supply counts are checked every 10 seconds.